 Dungeon Crawl Stone Soup version 0.29.1-15-g9cfb28693d (webtiles) character file.

Game seed: 12978733782070829421

25991 Kaboulah the Stormcaller (level 13, -4/79 HPs)
             Began as a Tengu Air Elementalist on Apr 30, 2023.
             Was a High Priest of Vehumet.
             Slain by an anaconda simulacrum (8 damage)
             ... in an ice cave on May 6, 2023.
             The game lasted 05:19:31 (16983 turns).

Kaboulah the Stormcaller (Tengu Air Elementalist)  Turns: 16983, Time: 05:19:31

Health: -4/79      AC:  8    Str:  8    XL:     13   Next: 23%
Magic:  27/30      EV: 18    Int: 19    God:    Vehumet [*****.]
Gold:   835        SH:  0    Dex: 20    Spells: 12/36 levels left

rFire   x . .      SeeInvis .   t - staff of conjuration
rCold   + + .      Faith    .   (no shield)
rNeg    . . .      Spirit   .   A - +3 leather armour "Jiez" {Rampage Dex+3 Stlth+}
rPois   .          Reflect  .   (helmet restricted)
rElec   .          Harm     .   c - +0 cloak {rCorr}
rCorr   +          Rampage  +   F - +0 pair of gloves
Will    .....                   (boots unavailable)
Stlth   +++.......              o - amulet of regeneration
HPRegen 1.03/turn               k - ring of ice
MPRegen 0.22/turn               p - ring of protection from cold

@: brilliant, flying quickly and evasively, very slightly contaminated,
constricted, quick
A: beak, talons 3, nimble flight
a: Renounce Religion


You were in an ice cave.
You worshipped Vehumet.
Vehumet was extremely pleased with you.
You visited 3 branches of the dungeon, and saw 13 of its levels.
You also visited: Sewer and Ice Cave.

You collected 835 gold pieces.

Inventory:

Armour
 c - a +0 cloak of preservation (worn)
 A - the +3 leather armour "Jiez" (worn) {Rampage Dex+3 Stlth+}
   (You took it off an orc warrior on level 7 of the Dungeon)

   Dex:       It affects your dexterity (+3).
   Rampage:   It bestows one free step when moving towards enemies.
   Stlth:     It makes you more stealthy.
 F - a +0 pair of gloves (worn)
 L - the +2 leather armour "Emyucwih" {Will+ Slay+3}
   (You found it on level 2 of the Lair of Beasts)

   Slay:      It affects your accuracy & damage with ranged weapons and melee
   (+3).
   Will:      It increases your willpower.
Magical Staves
 t - a staff of conjuration (weapon)
 G - a staff of air
Jewellery
 a - a ring of see invisible
 k - a ring of ice (left hand)
 m - a +6 ring of dexterity
 o - an amulet of regeneration (around neck)
 p - a ring of protection from cold (right hand)
 B - a +4 ring of evasion
 E - an amulet of the acrobat
 K - a +6 ring of strength
Wands
 v - a wand of flame (13)
 w - a wand of polymorph (15)
 y - a wand of iceblast (23)
 M - a wand of digging (2)
Scrolls
 f - 2 scrolls of blinking {unknown}
 g - a scroll of brand weapon {unknown}
 s - 4 scrolls of silence
 u - 3 scrolls of fear {unknown}
 x - 2 scrolls of enchant weapon
 z - a scroll of amnesia {unknown}
 C - a scroll of fog
 D - 5 scrolls of teleportation
 H - 4 scrolls of enchant armour {unknown}
 J - a scroll of magic mapping {unknown}
Potions
 b - a potion of magic
 d - a potion of cancellation
 e - 6 potions of berserk rage
 h - 3 potions of might
 i - 3 potions of ambrosia
 j - 5 potions of flight
 l - a potion of invisibility
 n - 2 potions of brilliance
 q - 3 potions of haste
 r - 3 potions of curing
 I - a potion of heal wounds


   Skills:
 * Level 8.7 Fighting
 - Level 0.3 Armour
 * Level 9.2 Dodging
 - Level 2.0 Stealth
 + Level 12.3 Spellcasting
 * Level 5.5 Conjurations
 * Level 5.5 Fire Magic
 * Level 15.2 Air Magic


You had 12 spell levels left.
You knew the following spells:

 Your Spells              Type           Power      Damage    Failure   Level
a - Shock                 Conj/Air       100%       1d9       1%          1
b - Swiftness             Air            81%        N/A       1%          3
c - Airstrike             Air            40%        2d(6-22)  1%          4
d - Static Discharge      Conj/Air       86%        3-14/arc  1%          2
e - Foxfire               Conj/Fire      100%       2x1d9     1%          1
f - Starburst             Conj/Fire      32%        6d10      32%         6
g - Orb of Destruction    Conj           32%        9d10      83%         7

Your spell library contained the following spells:

 Spells                   Type           Power      Damage    Failure   Level
 Dazzling Flash           Conj/Hex       100%       N/A       2%          3
 Iskenderun's Mystic Bla  Conj/Tloc      50%        2d11      7%          4
 Ensorcelled Hibernation  Hex/Ice        52%        N/A       12%         2
 Passwall                 Tmut/Erth      14%        N/A       12%         2
 Sublimation of Blood     Necr           17%        N/A       12%         2
 Wereblood                Tmut           17%        N/A       12%         2
 Gell's Gravitas          Tloc           17%        N/A       24%         3
 Portal Projectile        Hex/Tloc       34%        N/A       24%         3
 Teleport Other           Tloc           17%        N/A       24%         3
 Tukima's Dance           Hex            17%        N/A       24%         3
 Alistair's Intoxication  Tmut/Pois      11%        N/A       92%         5
 Blade Hands              Tmut           8%         N/A       92%         5
 Borgnjor's Vile Clutch   Necr/Erth      8%         N/A       92%         5
 Eringya's Noxious Bog    Tmut/Pois      8%         N/A       95%         6
 Dispersal                Tloc           8%         N/A       100%        6
 Summon Hydra             Summ           8%         N/A       100%        7


Dungeon Overview and Level Annotations

Branches:
Dungeon (8/15)             Temple (1/1) D:5            Lair (4/5) D:8
  Swamp (0/4) Lair:3        Snake (0/4) Lair:3        Sewer (visited)
  IceCv (1/1)
  Slime: Lair:4-5

Altars:
Ashenzari
Cheibriados
Elyvilon
Gozag
Hepliaklqana
Makhleb
Nemelex Xobeh
Okawaru
Ru
Sif Muna
Trog
Vehumet
Zin
The Shining One


Innate Abilities, Weirdness & Mutations

You have a beak for a mouth.
You have claws for feet.
Your magical nature lets you fly swiftly and evasively.


Message History

The anaconda simulacrum grabs you.
The anaconda simulacrum bites you but does no damage.
The anaconda simulacrum constricts you.
The anaconda simulacrum closely misses you.
The anaconda simulacrum constricts you.
You escape the anaconda simulacrum's grasp.
Your foxfire dissipates!
The foxfire hits the anaconda simulacrum!
The anaconda simulacrum melts!
The anaconda simulacrum is moderately damaged.
The anaconda simulacrum attacks as you move away!
The anaconda simulacrum completely misses you.
The anaconda simulacrum misses you.
The anaconda simulacrum completely misses you.
The anaconda simulacrum bites you but does no damage.
The anaconda simulacrum attacks as you move away!
The anaconda simulacrum bites you but does no damage.
The anaconda simulacrum grabs you. The anaconda simulacrum bites you.
The anaconda simulacrum freezes you! You resist.
The anaconda simulacrum constricts you.
Casting: Starburst (quite dangerous; 32% risk of failure)
Press: ? - help, Q - select action, (/) - cycle Dir - look around, f - activate You feel a strong surge of power!
You miscast Starburst.
You are very lightly contaminated with residual magic.
Energy rips through your body! The anaconda simulacrum bites you.
The anaconda simulacrum freezes you! You resist.
* * * LOW HITPOINT WARNING * * *
The anaconda simulacrum constricts you.
* * * LOW HITPOINT WARNING * * *
You feel better. The anaconda simulacrum bites you!
* * * LOW HITPOINT WARNING * * *
The anaconda simulacrum freezes you. You resist.
* * * LOW HITPOINT WARNING * * *
The anaconda simulacrum constricts you.
* * * LOW HITPOINT WARNING * * *
The anaconda simulacrum bites you!
* * * LOW HITPOINT WARNING * * *
The anaconda simulacrum freezes you! You resist.
You die...

##nZ#########.##
###..###≈≈≈##..### ###
###§..##≈≈≈≈≈≈##...#
###.#####...###≈≈≈≈≈≈≈≈#..##
###..#.##..#.#.#≈≈≈≈≈≈≈≈≈###..
#..####..####.####≈≈≈≈≈≈≈##..#
###..# #######..##≈≈≈≈≈≈≈##..##
##...## ###...Z###≈≈≈≈≈~~####...
#).⌠.[###...#..@.######~~~####..
##...###..####.....##..##~~##.#.
##......## ##......######~.#..
######## ######## ######


You could see an anaconda simulacrum.

Vanquished Creatures
  An ice dragon (Lair:4)
  A two-headed ogre (D:8)
  Amaemon (Lair:2)
  A lindwurm (Lair:3)
  A cyclops (D:7)
  2 elephants (Lair:3)
  A torpor snail (Lair:1)
  4 black mambas
  8 cane toads
  An orange demon (Lair:2)
  A rime drake (Lair:1)
  A kobold demonologist (D:7)
  An ice devil (IceCv)
  8 komodo dragons
  An anaconda simulacrum (IceCv)
  4 polar bears
  2 tyrant leeches
  Prince Ribbit (D:7)
  3 blink frogs (Lair:3)
  Sigmund (D:3)
  A shadow (D:7)
  A dire elephant simulacrum (IceCv)
  3 wyverns
  30 yaks
  2 basilisks
  2 steam dragons
  Menkaure (D:4)
  A death yak simulacrum (IceCv)
  An acid dragon (D:8)
  2 nagas (Lair:3)
  A hydra simulacrum (IceCv)
  9 water moccasins
  2 ice beasts
  4 orc warriors
  2 sky beasts (D:7)
  3 black bears
  2 ogres
  3 centaurs
  18 wolves
  A phantom (D:7)
  2 kobold brigands (D:7)
  3 necrophages
  3 scorpions
  2 gnoll sergeants (D:7)
  6 bullfrogs
  6 two-headed ogre simulacra (IceCv)
  2 cane toad simulacra (IceCv)
  3 wights (D:8)
  4 electric eels (Lair:2)
  5 howler monkeys
  A jelly (D:7)
  4 hounds
  A gnoll bouda (D:7)
  2 orc priests
  5 iguanas
  Terence (D:1)
  5 hell rats (Lair:2)
  8 orc wizards
  4 spriggan simulacra (IceCv)
  2 troll simulacra (IceCv)
  A wolf simulacrum (IceCv)
  Robin (D:4)
  8 gnolls
  8 adders
  5 naga simulacra (IceCv)
  12 white imps
  7 ufetubi
  4 worms
  2 dart slugs
  34 orcs
  12 ball pythons
  2 bats (D:1)
  18 endoplasms
  4 giant cockroaches
  17 goblins
  6 hobgoblins
  7 quokkas
  5 frilled lizards
  23 kobolds
  11 rats
389 creatures vanquished.

Vanquished Creatures (collateral kills)
  A foxfire (Lair:2)
1 creature vanquished.

Vanquished Creatures (others)
  A bush (Lair:3)
  199 foxfires
  6 fungi
  29 plants
235 creatures vanquished.

Grand Total: 625 creatures vanquished

Notes
Turn   | Place    | Note
-------+----------+-------------------------------------------
     0 | D:1      | Kaboulah the Tengu Air Elementalist began the quest for the
                  | Orb.
     0 | D:1      | Reached XP level 1. HP: 10/10 MP: 4/4
   164 | D:1      | Reached skill level 1 in Fighting
   164 | D:1      | Reached XP level 2. HP: 16/16 MP: 3/6
   314 | D:1      | Found a faded altar of an unknown god.
   681 | D:1      | Reached XP level 3. HP: 20/20 MP: 3/7
  1831 | D:2      | Noticed Terence
  1993 | D:1      | Killed Terence
  1994 | D:1      | Reached skill level 5 in Air Magic
  1994 | D:1      | Reached XP level 4. HP: 10/25 MP: 2/8
  2598 | D:3      | Found a glowing drain.
  2602 | Sewer    | Entered a sewer
  2767 | Sewer    | Gained mutation: Your magical nature lets you fly swiftly
                  | and evasively. [Tengu growth]
  2767 | Sewer    | Reached XP level 5. HP: 30/30 MP: 8/10
  3097 | Sewer    | Noticed a kobold brigand
  3429 | D:3      | Found a shimmering blue altar of Sif Muna.
  3607 | D:3      | Noticed Sigmund
  3838 | D:3      | Killed Sigmund
  3839 | D:3      | Reached XP level 6. HP: 36/36 MP: 6/12
  4300 | D:4      | Noticed Menkaure
  4350 | D:4      | Reached skill level 6 in Air Magic
  4585 | D:4      | Learned a level 3 spell: Swiftness
  4590 | D:4      | Learned a level 4 spell: Airstrike
  4593 | D:4      | Learned a level 2 spell: Static Discharge
  4608 | D:4      | Reached XP level 7. HP: 40/40 MP: 11/14
  4833 | D:4      | Killed Menkaure
  4898 | D:4      | Found a broken altar of Ashenzari.
  4900 | D:4      | Found a glowing golden altar of the Shining One.
  4937 | D:4      | Noticed Robin
  4954 | D:4      | Killed Robin
  5385 | D:5      | Entered Level 5 of the Dungeon
  5694 | D:5      | Reached skill level 7 in Air Magic
  5843 | D:5      | Found an opulent altar of Gozag.
  5845 | D:5      | Found an iron altar of Okawaru.
  5845 | D:5      | Found a snail-covered altar of Cheibriados.
  5845 | D:5      | Found a radiant altar of Vehumet.
  5849 | D:5      | Found a sacrificial altar of Ru.
  5863 | D:5      | Became a worshipper of Vehumet
  5909 | D:5      | Found a staircase to the Ecumenical Temple.
  5918 | Temple   | Entered the Ecumenical Temple
  6015 | D:5      | Found a white marble altar of Elyvilon.
  6046 | D:5      | Reached XP level 8. HP: 48/48 MP: 6/16
  6798 | D:5      | Reached skill level 5 in Spellcasting
  7045 | D:6      | Reached skill level 8 in Air Magic
  7547 | D:6      | Reached XP level 9. HP: 51/52 MP: 11/19
  8111 | D:7      | Reached * piety under Vehumet
  8111 | D:7      | Offered knowledge of Foxfire by Vehumet.
  8182 | D:7      | Identified the +3 leather armour "Jiez" {Rampage Dex+3
                  | Stlth+}
  8197 | D:6      | Reached skill level 9 in Air Magic
  8387 | D:7      | Reached skill level 5 in Fighting
  8409 | D:7      | Reached skill level 5 in Dodging
  8815 | D:7      | Learned a level 1 spell: Foxfire
  8864 | D:7      | Learned a level 6 spell: Starburst
  8960 | D:7      | Noticed Prince Ribbit
  9079 | D:7      | Killed Prince Ribbit
  9122 | D:7      | Found a burning altar of Makhleb.
  9277 | D:7      | Reached skill level 1 in Fire Magic
  9452 | D:7      | Identified the +2 morningstar "Ischotuso" {spect, rN+}
  9569 | D:7      | Reached skill level 10 in Air Magic
  9617 | D:7      | Noticed a cyclops
  9705 | D:7      | Noticed a kobold demonologist
  9709 | D:7      | Noticed a red devil
  9716 | D:7      | Noticed a red devil
  9718 | D:7      | Noticed a rust devil
  9833 | D:7      | Killed a kobold demonologist
  9834 | D:7      | Reached XP level 10. HP: 60/60 MP: 10/22
 10006 | D:7      | Killed a cyclops
 10266 | D:7      | Offered knowledge of Freeze by Vehumet.
 10274 | D:7      | Reached ** piety under Vehumet
 10952 | D:8      | Noticed a two-headed ogre
 10978 | D:8      | Killed a two-headed ogre
 11495 | D:8      | Reached XP level 11. HP: 57/66 MP: 16/25
 11591 | D:8      | Reached skill level 10 in Spellcasting
 11645 | D:8      | Found a staircase to the Lair.
 11699 | Lair:1   | Entered Level 1 of the Lair of Beasts
 11820 | Lair:1   | Offered knowledge of Searing Ray by Vehumet.
 11828 | Lair:1   | Reached skill level 5 in Fire Magic
 12031 | Lair:1   | Reached *** piety under Vehumet
 12471 | Lair:1   | You are sucked into a shaft and drop 1 floor!
 12501 | Lair:2   | Reached skill level 11 in Air Magic
 12623 | Lair:2   | Offered knowledge of Inner Flame by Vehumet.
 12693 | Lair:2   | Noticed Amaemon
 12721 | Lair:2   | Killed Amaemon
 12927 | Lair:2   | Reached XP level 12. HP: 73/73 MP: 19/28
 12974 | Lair:1   | Reached skill level 12 in Air Magic
 13744 | Lair:2   | Reached **** piety under Vehumet
 13988 | Lair:2   | Reached skill level 5 in Conjurations
 14029 | Lair:2   | Reached skill level 13 in Air Magic
 14161 | Lair:2   | Identified the +2 leather armour "Emyucwih" {Will+ Slay+3}
 14729 | Lair:3   | Found a staircase to the Snake Pit.
 15175 | Lair:3   | Offered knowledge of Stone Arrow by Vehumet.
 15337 | Lair:3   | Found a staircase to the Swamp.
 15426 | Lair:3   | Reached skill level 14 in Air Magic
 15737 | Lair:3   | Noticed a death yak
 15744 | Lair:3   | Noticed a death yak
 15755 | Lair:3   | Noticed a death yak
 15761 | Lair:3   | Noticed a death yak
 16038 | Lair:4   | Reached XP level 13. HP: 79/79 MP: 24/30
 16186 | Lair:4   | Found a frozen archway.
 16191 | Lair:4   | Noticed an ice dragon
 16217 | Lair:3   | Reached skill level 15 in Air Magic
 16325 | Lair:4   | Killed an ice dragon
 16381 | IceCv    | Entered an ice cave
 16490 | IceCv    | HP: 2/79 [two-headed ogre simulacrum (20)]
 16782 | IceCv    | Reached ***** piety under Vehumet
 16787 | IceCv    | Offered knowledge of Orb of Destruction by Vehumet.
 16902 | IceCv    | Learned a level 7 spell: Orb of Destruction
 16983 | IceCv    | Slain by an anaconda simulacrum

Illustrated notes

Levels and vault maps discovered:
D:1:      kennysheep_arrival_forest, layout_loops_corners,
          hellmonk_ecumenical_altar_crossroads, nicolae_figureground_sparkle
D:2:      layout_basic, uniq_terence
D:3:      layout_loops_cross, overflow_temple_1_default, gup_sewer_entry_bowl,
          uniq_sigmund
D:4:      layout_cave_pools, mainiacjoe_overflow_big_doors, uniq_robin,
          uniq_menkaure
D:5:      layout_gridville, nicolae_overflow_hidden_temple,
          grunt_temple_overflow_open, minmay_temple_entry_statues_pillars,
          kennysheep_generic_room_16
D:6:      layout_rooms, chequers_serial_rivers_small_b
D:7:      kennysheep_windowed_halls, layout_basic, lightli_temple_of_fire,
          uniq_prince_ribbit1
D:8:      layout_rooms, erik_lair_dragon
Temple:   nicolae_temple_hex_pool
Lair:1:   layout_chaotic_city, serial_bayou_ford_a, grunt_megastairs_4
Lair:2:   layout_regular_city, serial_bayou_lake_a, uniq_amaemon
Lair:3:   layout_roguey, minmay_swamp_entry_worms, guppyfry_snake_entry_island,
          grunt_megastairs_3, infiniplex_staircase_pool, serial_bayou_shore_a,
          lemuel_fruit_tree
Lair:4:   layout_cave_pods, nzn_ghost_randoct,
          portal_ice_cave_entry_animals_and_master
IceCv:    ice_cave_caverns_02

Skill      XL: |  1  2  3  4  5  6  7  8  9 10 11 12 13 |
---------------+----------------------------------------+-----
Fighting       | 1 2 3 4 5 6 7 8 |  8.7
Conjurations   | 2 3 4 5 |  5.5
Air Magic      | 5 6 7 8 10 11 14 15 | 15.2
Spellcasting   | 3 4 6 7 9 11 12 | 12.3
Dodging        | 3 4 5 6 8 9 |  9.2
Fire Magic     | 2 4 5 |  5.5
Armour         | |  0.3
Stealth        | |  2.0

Action                   |  1- 3 |  4- 6 |  7- 9 | 10-12 | 13-15 || total
-------------------------+-------+-------+-------+-------+-------++-------
Melee: Unarmed           |     1 |       |       |       |       ||     1
       Dagger            |       |     3 |     1 |       |       ||     4
       Kick              |       |     1 |     1 |     4 |     4 ||    10
       Staff             |       |       |       |     6 |     4 ||    10
       Peck              |       |       |       |     2 |     2 ||     4
 Cast: Shock             |    93 |   147 |   224 |   184 |    18 ||   666
       Static Discharge  |       |       |    36 |    86 |     6 ||   128
       Airstrike         |       |       |    20 |   131 |     4 ||   155
       Swiftness         |       |       |     5 |     6 |     1 ||    12
       Foxfire           |       |       |     5 |    14 |    98 ||   117
       Starburst         |       |       |       |       |     8 ||     8
  Use: Scroll            |       |    12 |     3 |     3 |     1 ||    19
       Potion            |       |     3 |     1 |       |     5 ||     9
 Stab: Sleeping          |     1 |       |       |       |       ||     1
Armor: Robe              |     1 |     4 |     1 |       |       ||     6
       Leather armour    |       |       |     2 |    11 |    16 ||    29
Dodge: Dodged            |     5 |    26 |    47 |    77 |    99 ||   254
